Map: Frost LE

Players

PtitDrogo - Winner!

  • Race: Protoss Protoss

Elazer

  • Race: Zerg Zerg

Event: 2016 WCS Summer Circuit Championship (DH Montreal)

VOD

https://www.youtube.com/watch?v=KN8Eqk_Jt8Y

Description

Time

  • Played on: Aug. 13, 2016, 2:05 p.m.
  • Length: 16:50

All games in this series

Show
View Real Time Build Order
Export as new Build Order

PtitDrogo Protoss - Winner!

Build Orders: 1 Gate Expand, Oracle Opening, Zealot Archon 

Get SALT Encoding   

  12  0:00  Probe (Chrono Boost)  
  13  0:11  Probe (Chrono Boost)  
  14  0:17  Pylon  
  14  0:22  Probe (Chrono Boost)  
  16  0:35  Probe (Chrono Boost)  
  16  0:38  Gateway  
  16  0:46  Probe (Chrono Boost)  
  16  0:47  Assimilator  
  17  0:57  Probe (Chrono Boost)  
  18  1:07  Probe (Chrono Boost)  
  19  1:21  Nexus  
  19  1:23  Probe (Chrono Boost)  
  20  1:33  Cybernetics Core  
  20  1:37  Probe (Chrono Boost)  
  21  1:41  Assimilator  
  21  1:47  Probe (Chrono Boost)  
  21  1:51  Pylon  
  22  1:58  Probe (Chrono Boost)  
  23  2:06  Adept  
  23  2:11  Probe (Chrono Boost)  
  27  2:23  Probe (Chrono Boost)  
  27  2:25  Stargate  
  27  2:31  Warp Gate, Adept  
  27  2:33  Probe (Chrono Boost)  
  27  2:35  Probe (Chrono Boost)  
  31  2:43  Probe (Chrono Boost)  
  32  2:47  Probe (Chrono Boost)  
  33  2:54  Probe (Chrono Boost)  
  33  2:57  Adept  
  35  2:59  Probe (Chrono Boost)  
  35  3:04  Probe (Chrono Boost)  
  35  3:05  Oracle  
  38  3:11  Probe (Chrono Boost)  
  42  3:15  Probe (Chrono Boost)  
  42  3:19  Pylon  
  43  3:25  Probe (Chrono Boost)  
  45  3:30  Mothership Core (Chrono Boost)  
  45  3:33  Nexus  
  46  3:38  Pylon  
  46  3:41  Probe (Chrono Boost)  
  47  3:49  Probe (Chrono Boost)  
  47  3:50  Void Ray  
  47  3:53  Probe (Chrono Boost)  
  49  3:59  Probe (Chrono Boost)  
  49  4:01  Pylon  
  54  4:05  Probe (Chrono Boost)  
  56  4:10  Probe (Chrono Boost)  
  56  4:12  Assimilator x2  
  57  4:17  Probe (Chrono Boost)  
  58  4:24  Probe (Chrono Boost)  
  58  4:29  Probe (Chrono Boost)  
  59  4:34  Probe (Chrono Boost)  
  59  4:35  Gateway x2  
  59  4:38  Twilight Council  
  60  4:39  Forge  
  61  4:45  Probe (Chrono Boost)  
  61  4:51  Pylon  
  61  4:53  Probe x2 (Chrono Boost)  
  61  4:55  Robotics Facility  
  63  5:00  Protoss Ground Weapons Level 1  
  63  5:02  Probe (Chrono Boost), Charge  
  63  5:07  Sentry  
  66  5:08  Probe x2 (Chrono Boost)  
  66  5:09  Pylon  
  66  5:13  Pylon  
  69  5:14  Probe (Chrono Boost)  
  69  5:20  Probe (Chrono Boost)  
  70  5:26  Probe (Chrono Boost)  
  70  5:28  Probe (Chrono Boost), Assimilator  
  72  5:30  Sentry, Assimilator  
  72  5:32  Probe (Chrono Boost)  
  75  5:37  Probe (Chrono Boost), Pylon  
  75  5:39  Zealot x2  
  81  5:43  Probe (Chrono Boost), Pylon  
  81  5:46  Observer  
  83  5:50  Probe (Chrono Boost)  
  83  5:56  Probe (Chrono Boost)  
  85  5:57  Probe (Chrono Boost)  
  85  6:02  Pylon  
  86  6:04  Photon Cannon  
  86  6:06  Probe (Chrono Boost), Templar Archives  
  86  6:08  Probe (Chrono Boost)  
  86  6:10  Immortal  
  86  6:11  Gateway x2  
  87  6:16  Probe (Chrono Boost)  
  87  6:18  Probe (Chrono Boost)  
  93  6:23  Probe (Chrono Boost)  
  93  6:24  Gateway x2  
  94  6:28  Probe (Chrono Boost)  
  94  6:29  Photon Cannon  
  95  6:35  Zealot x2  
  98  6:45  Probe (Chrono Boost)  
  99  6:47  Gateway  
  99  6:48  Zealot, Gateway  
  99  6:50  Gateway  
  101  6:56  Photon Cannon  
  101  7:01  Immortal  
  105  7:10  High Templar  
  105  7:11  High Templar x4  
  105  7:15  Probe (Chrono Boost), Pylon  
  116  7:18  Archon x2, Pylon  
  116  7:20  High Templar  
  116  7:21  Zealot  
  120  7:34  Nexus  
  120  7:36  Archon  
  120  7:38  Pylon  
  120  7:39  Pylon  
  120  7:44  Pylon  
  120  7:45  Photon Cannon  
  110  7:53  Probe x2 (Chrono Boost)  
  110  7:54  Probe (Chrono Boost)  
  110  7:56  Zealot x4, Pylon  
  119  8:04  Warp Prism  
  122  8:05  Probe (Chrono Boost)  
  122  8:06  Probe x2 (Chrono Boost)  
  122  8:10  High Templar x3  
  122  8:11  High Templar x2  
  134  8:16  High Templar  
  134  8:17  Protoss Ground Weapons Level 2, Archon x2  
  134  8:18  Probe x3 (Chrono Boost)  
  139  8:23  Archon  
  139  8:24  Zealot x4  
  147  8:29  Photon Cannon  
  144  8:54  Probe (Chrono Boost)  
  144  8:55  Probe (Chrono Boost), Photon Cannon  
  145  8:58  Zealot x3  
  145  9:00  Zealot  
  153  9:07  High Templar x4  
  161  9:16  Zealot x2  
  165  9:20  Archon x2  
  165  9:23  Probe x2 (Chrono Boost)  
  163  9:29  Probe (Chrono Boost)  
  163  9:31  Probe (Chrono Boost), Assimilator  
  165  9:33  Assimilator  
  165  9:36  Zealot x2  
  165  9:37  Zealot x4  
  177  9:51  Immortal  
  177  9:53  Zealot x4  
  177  9:57  Probe (Chrono Boost)  
  186  10:01  Zealot x2  
  186  10:09  Stargate  
  186  10:11  Fleet Beacon  
  174  10:17  High Templar  
  174  10:18  High Templar x5  
  182  10:23  Archon x2  
  182  10:24  Archon  
  182  10:29  Pylon x2  
  182  10:47  Probe (Chrono Boost)  
  182  10:49  Probe x2 (Chrono Boost)  
  189  11:12  Pylon  
  189  11:14  Pylon  
  163  11:22  Tempest x2  
  167  11:41  Zealot x8  
  167  11:42  Zealot x2  
  184  11:59  Void Ray  
  184  12:00  Tempest  
  184  12:01  Probe (Chrono Boost)  
  187  12:02  Probe x2 (Chrono Boost)  
  187  12:03  Probe (Chrono Boost)  
  187  12:05  Zealot  
  185  12:11  Probe (Chrono Boost)  
  185  12:14  Probe x2 (Chrono Boost)  
  185  12:15  Probe (Chrono Boost)  
  189  12:20  Psionic Storm  
  173  12:28  Photon Cannon  
  171  12:30  Photon Cannon  
  171  12:32  Photon Cannon, High Templar  
  171  12:33  High Templar x4  
  171  12:36  Photon Cannon, Tempest  
  181  12:42  High Templar x4  
  193  12:47  Archon x2  
  193  12:53  Tempest  
  192  13:07  Protoss Ground Weapons Level 3  
  192  13:08  Protoss Air Weapons Level 1  
  192  13:10  Zealot x2  
  196  13:13  Tempest  
  196  13:16  Zealot x5  
  188  13:25  Photon Cannon  
  188  13:26  Photon Cannon  
  188  13:28  Photon Cannon  
  187  13:35  Probe (Chrono Boost)  
  188  13:56  Probe (Chrono Boost)  
  188  14:00  Pylon  
  186  14:04  Zealot  
  188  14:13  Zealot  
  185  14:23  Zealot x2  
  185  14:24  Zealot x6  
  188  14:28  Photon Cannon  
  188  14:29  Probe (Chrono Boost)  
  188  14:30  Photon Cannon  
  187  14:33  Immortal  
  167  14:47  Zealot  
  167  14:50  Dark Shrine  
  169  14:52  Photon Cannon  
  169  14:56  Photon Cannon  
  169  15:03  High Templar x2  
  169  15:05  High Templar x2  
  177  15:08  Archon  
  177  15:09  Archon  
  177  15:10  High Templar x2  
  179  15:14  Archon  
  179  15:15  High Templar x2  
  179  15:19  Archon  
  183  15:23  High Templar  
  183  15:24  High Templar  
  187  15:32  Archon  
  187  15:37  High Templar  
  187  15:38  High Templar x3  
  187  15:41  Archon  
  187  15:42  Archon  
  193  15:50  Zealot  
  193  15:56  Tempest  
  195  16:00  Tempest  
  195  16:03  Zealot  
  184  16:05  Dark Templar x2  
  147  16:25  Zealot  
  133  16:32  Probe (Chrono Boost)  
  136  16:33  Probe x2 (Chrono Boost)  
  136  16:37  High Templar  
  136  16:38  Zealot x3, High Templar  
  146  16:43  Archon  
Show
View Real Time Build Order
Export as new Build Order

Elazer Zerg 

Build Orders: Hatch First 

Get SALT Encoding   

  12  0:00  Drone  
  13  0:12  Overlord  
  13  0:17  Drone  
  14  0:30  Drone x2  
  14  0:34  Drone  
  17  0:52  Hatchery  
  17  0:54  Drone  
  17  0:57  Drone  
  18  1:08  Extractor  
  17  1:12  Spawning Pool  
  17  1:15  Drone  
  17  1:19  Drone  
  18  1:28  Drone  
  19  1:38  Overlord  
  19  1:51  Drone  
  20  1:59  Queen  
  20  2:00  Drone  
  23  2:03  Zergling x2  
  23  2:08  Metabolic Boost  
  24  2:18  Drone, Hatchery  
  24  2:22  Drone  
  25  2:27  Drone  
  25  2:28  Drone  
  27  2:33  Drone  
  28  2:39  Queen  
  28  2:43  Zergling x2  
  31  2:47  Pneumatized Carapace  
  31  2:55  Overlord  
  31  2:57  Drone x2  
  33  3:00  Drone  
  33  3:05  Drone  
  35  3:07  Drone  
  36  3:14  Drone x2  
  36  3:17  Queen  
  36  3:19  Drone  
  41  3:22  Zergling x2  
  41  3:25  Overlord  
  42  3:30  Drone x2  
  42  3:31  Drone  
  45  3:38  Drone  
  45  3:40  Drone  
  47  3:42  Drone  
  48  3:49  Baneling Nest  
  48  3:50  Evolution Chamber, Drone x3  
  48  3:53  Drone  
  48  3:54  Overlord  
  50  3:57  Spore Crawler  
  50  3:59  Spore Crawler  
  48  4:03  Drone x2  
  48  4:08  Extractor  
  50  4:10  Drone x2  
  50  4:14  Overlord  
  51  4:17  Spore Crawler  
  51  4:18  Extractor, Drone x2  
  51  4:21  Queen  
  53  4:26  Zerg Melee Weapons Level 1  
  53  4:27  Drone  
  54  4:31  Drone x2  
  54  4:32  Drone  
  54  4:34  Spore Crawler  
  56  4:47  Zergling x6  
  56  4:49  Baneling x3  
  56  4:50  Overlord  
  59  4:53  Zergling x4  
  59  4:54  Zergling x6  
  64  5:01  Overlord  
  64  5:03  Zergling x4  
  64  5:04  Drone  
  68  5:07  Drone x4  
  68  5:09  Lair  
  68  5:10  Drone  
  68  5:12  Drone  
  73  5:17  Drone  
  74  5:23  Overlord  
  74  5:24  Drone x3  
  74  5:26  Drone  
  77  5:30  Baneling x2  
  77  5:31  Baneling  
  77  5:35  Drone x2  
  79  5:36  Drone  
  79  5:37  Drone  
  79  5:39  Drone  
  79  5:41  Overlord  
  82  5:44  Extractor  
  82  5:45  Extractor  
  82  5:46  Hatchery  
  79  5:58  Overlord  
  79  5:59  Drone  
  79  6:03  Drone  
  81  6:04  Drone x6  
  81  6:05  Evolution Chamber  
  81  6:08  Baneling x2  
  81  6:10  Overlord  
  86  6:16  Overlord  
  86  6:17  Zergling x6  
  86  6:18  Zergling x6  
  92  6:20  Zerg Melee Weapons Level 2, Centrifical Hooks  
  92  6:22  Overlord  
  92  6:23  Drone  
  93  6:26  Infestation Pit  
  93  6:28  Drone  
  93  6:30  Roach Warren, Overlord  
  92  6:33  Zerg Ground Armor Level 1  
  92  6:38  Drone, Extractor  
  92  6:39  Drone x3  
  95  6:40  Drone  
  95  6:44  Extractor  
  93  6:49  Drone x4  
  93  6:53  Overlord  
  97  6:57  Overlord  
  97  6:58  Zergling x8  
  101  7:02  Queen  
  101  7:06  Drone x3, Spore Crawler  
  105  7:09  Zergling x4  
  105  7:15  Overlord  
  107  7:17  Glial Reconstitution  
  107  7:19  Roach x7  
  121  7:26  Overlord, Hive  
  121  7:27  Drone x2  
  121  7:30  Drone x2  
  121  7:34  Drone  
  121  7:35  Drone x2  
  126  7:42  Zergling x12  
  129  7:53  Overlord  
  129  7:57  Overlord x2  
  128  8:01  Zergling x20  
  128  8:03  Ravager x7  
  141  8:07  Spire  
  141  8:08  Zergling x2  
  141  8:09  Zergling x4  
  143  8:18  Overlord  
  143  8:24  Zergling x8  
  147  8:27  Baneling x3  
  147  8:28  Baneling x8  
  147  8:29  Zerg Ground Armor Level 2  
  147  8:31  Overlord  
  147  8:32  Zergling x10  
  152  8:35  Extractor  
  152  8:36  Drone x3  
  152  8:39  Adrenal Glands  
  152  8:41  Hatchery  
  153  8:45  Zergling x10  
  157  8:56  Overlord  
  157  8:59  Zergling x2  
  157  9:00  Zergling x6  
  151  9:11  Overlord  
  151  9:14  Zerg Melee Weapons Level 3  
  151  9:15  Zergling x18  
  160  9:22  Greater Spire  
  159  9:26  Ultralisk Cavern  
  159  9:29  Spine Crawler  
  159  9:30  Extractor  
  153  9:31  Drone x3  
  153  9:33  Spine Crawler, Zergling x12  
  153  9:34  Spine Crawler  
  153  9:35  Baneling x8  
  153  9:36  Baneling x9  
  160  9:39  Zergling x4  
  162  9:48  Zergling x24  
  162  9:49  Queen  
  163  10:01  Overlord  
  163  10:02  Drone  
  163  10:03  Drone x2  
  163  10:04  Drone  
  163  10:05  Drone x3  
  158  10:07  Corruptor x2  
  158  10:13  Drone x3  
  158  10:14  Drone x3  
  160  10:18  Drone  
  160  10:19  Drone  
  164  10:23  Overlord  
  164  10:24  Corruptor  
  166  10:29  Drone x2  
  166  10:30  Drone  
  169  10:38  Corruptor  
  173  10:49  Brood Lord  
  175  10:53  Brood Lord  
  175  10:54  Corruptor x2  
  179  11:10  Corruptor x3  
  183  11:12  Corruptor x2  
  172  11:35  Corruptor x3  
  172  11:39  Brood Lord x2  
  182  11:41  Zergling x20  
  192  11:53  Zergling x16  
  180  12:02  Spire  
  180  12:03  Ultralisk Cavern  
  180  12:07  Zergling x26  
  180  12:08  Zergling x4  
  175  12:15  Overlord  
  170  12:18  Drone x7  
  169  12:31  Overlord  
  169  12:39  Zergling x2  
  169  12:40  Zergling x16  
  178  12:47  Viper x3  
  178  12:51  Hatchery  
  185  12:53  Chitinous Plating, Hatchery  
  185  12:58  Ultralisk  
  190  13:02  Ultralisk  
  191  13:14  Ultralisk  
  186  13:28  Greater Spire  
  186  13:29  Overlord, Zerg Ground Armor Level 3  
  184  13:39  Overlord  
  184  13:45  Ultralisk  
  190  13:51  Baneling x5  
  190  13:52  Baneling  
  190  13:53  Ultralisk  
  196  14:02  Zergling x4  
  193  14:03  Zergling x16  
  195  14:14  Ultralisk  
  181  14:26  Drone x2, Overlord  
  181  14:27  Drone x3  
  181  14:28  Drone  
  164  14:42  Spine Crawler  
  164  14:43  Spore Crawler  
  164  14:45  Zerg Flyer Weapons Level 1  
  162  14:46  Corruptor x2  
  162  14:47  Corruptor  
  162  14:49  Brood Lord  
  162  14:50  Brood Lord x2  
  174  15:05  Drone x4  
  176  15:07  Spine Crawler  
  176  15:08  Spine Crawler  
  176  15:10  Zergling x14  
  178  15:23  Spine Crawler x2  
  176  15:29  Overseer x5  
  174  15:45  Corruptor  
  173  16:02  Hatchery, Zergling x18  
  175  16:18  Corruptor x4  
Tags
 
Add a new tag
Caveats
  • Supply blocks, unpowered buildings, or Contaminate may cause inaccurate times.
  • Supply counts are checked every 10 seconds.